 Dungeon Crawl Stone Soup version 0.25.1-9-gc5326a611f (webtiles) character file.

Game seed: 2126932948459889747

1036 Clowwww the Chopper (level 8, -3/67 HPs)
             Began as a Minotaur Fighter on Dec 29, 2020.
             Slain by a slave (7 damage)
             ... led by Pikel
             ... on level 5 of the Dungeon.
             The game lasted 00:07:12 (5042 turns).

Clowwww the Chopper (Minotaur Fighter)              Turns: 5042, Time: 00:07:12

Health: -3/67      AC:  9    Str: 22    XL:     8   Next: 4%
Magic:  7/7        EV:  8    Int:  5    God:
Gold:   223        SH: 10    Dex: 11    Spells: 7/7 levels left

rFire    . . .     SeeInvis .   a - +0 war axe
rCold    . . .     Gourm    .   c - +0 kite shield
rNeg     . . .     Faith    .   b - +0 scale mail
rPois    .         Spirit   .   (helmet restricted)
rElec    .         Reflect  .   n - +0 cloak
rCorr    .         Harm     .   (no gloves)
MR       .....                  (no boots)
Stlth    ..........             (no amulet)
HPRegen  0.21/turn              (no ring)
MPRegen  0.10/turn              (no ring)

@: no status effects
A: retaliatory headbutt, horns 2
a: no special abilities


You were on level 5 of the Dungeon.
You were not hungry.

You visited 1 branch of the dungeon, and saw 5 of its levels.

You collected 223 gold pieces.

Inventory:

Hand Weapons
 a - a +0 war axe (weapon)
Armour
 b - a +0 scale mail (worn)
 c - a +0 kite shield (worn)
 n - a +0 cloak (worn)
Jewellery
 j - an uncursed ring of flight {unknown}
 l - an uncursed ring of wizardry {unknown}
Wands
 d - a wand of disintegration (5)
Scrolls
 e - 5 scrolls of identify {unknown}
 g - a scroll of remove curse {unknown}
 h - 3 scrolls of fog {unknown}
 i - 7 scrolls of teleportation {unknown}
 u - a scroll of magic mapping {unknown}
Potions
 k - a potion of invisibility {unknown}
 m - 2 potions of brilliance {unknown}
 o - a potion of resistance {unknown}
 q - a potion of haste {unknown}
 r - a potion of flight {unknown}
 s - 3 potions of heal wounds
 t - a potion of degeneration {unknown}
Comestibles
 f - 10 rations
 p - 2 chunks of flesh


   Skills:
 + Level 4.9 Fighting
 + Level 7.5 Axes
 + Level 6.8 Armour
 + Level 1.6 Dodging
 + Level 0.4 Stealth
 + Level 5.9 Shields


You had 7 spell levels left.
You didn't know any spells.
Your spell library was empty.

Dungeon Overview and Level Annotations

Branches:
Dungeon (5/15)
 Temple: D:4-7

Altars:
Elyvilon
Kikubaaqudgha
Makhleb
Nemelex Xobeh
Uskayaw
Wu Jian

Annotations:
D:5 Pikel


Innate Abilities, Weirdness & Mutations

You reflexively headbutt those who attack you in melee.
You have a pair of horns on your head.


Message History

Press: ? - help, Shift-Dir - straight line, f/p - Pikel
Aim: Pikel, wielding a +2 whip of electrocution, wearing a cursed +0 robe and carrying a wand of flame (10) (lightly wounded, chance to defeat MR: 65%) Pikel is blasted!!
The slave shouts!
The slave hits you. You block the slave's attack. x2
Pikel hits you but does no damage.
You are electrocuted!
* * * LOW HITPOINT WARNING * * *
Evoke which item? (* to show all) (? for menu, Esc to quit)
Aiming: Disintegrate
Press: ? - help, Shift-Dir - straight line, f/p - Pikel
Aim: Pikel, wielding a +2 whip of electrocution, wearing a cursed +0 robe and carrying a wand of flame (10) (severely wounded, chance to defeat MR: 65%) Pikel is blasted!
The slave hits you!
* * * LOW HITPOINT WARNING * * *
The slave hits you but does no damage. x2; You block Pikel's attack.
Evoke which item? (* to show all) (? for menu, Esc to quit)
Aiming: Disintegrate
Press: ? - help, Shift-Dir - straight line, f/p - Pikel
Aim: Pikel, wielding a +2 whip of electrocution, wearing a cursed +0 robe and carrying a wand of flame (10) (almost dead, chance to defeat MR: 65%) Pikel struggles to resist.
You block the slave's attack. The slave hits you!
You die...

##################
#K#............>....
..#.##....p@.#
#p#.##....pKp#
#p#.##.......#
#p#..........+
#.#..#.p.....#
#.#.......#### .#
#.K.......+ #.# ..
#####.....#######
#.# ...
#..............
..###...


You could see Pikel and 4 slaves.

Vanquished Creatures
  Sigmund (D:5)
  2 ogres
  Blork the orc (D:5)
  A howler monkey (D:4)
  Crazy Yiuf (D:2)
  A bullfrog skeleton (D:5)
  4 orc priests
  A hound (D:4)
  3 orc wizards
  Ijyb (D:4)
  Jessica (D:2)
  An iguana (D:4)
  4 worker ants
  A hound zombie (D:3)
  7 adders
  An adder skeleton (D:4)
  5 worms
  A dart slug (D:2)
  A leopard gecko (D:3)
  16 orcs
  6 giant cockroaches
  7 goblins
  5 hobgoblins
  3 jackals (D:3)
  8 kobolds
  4 quokkas
  4 bats
  4 frilled lizards
  A jackal skeleton (D:3)
  6 rats
102 creatures vanquished.

Notes
Turn   | Place    | Note
-------+----------+-------------------------------------------
     0 | D:1      | Clowwww the Minotaur Fighter began the quest for the Orb.
     0 | D:1      | Reached XP level 1. HP: 19/19 MP: 0/0
   207 | D:1      | Reached XP level 2. HP: 23/27 MP: 1/1
   927 | D:2      | Reached XP level 3. HP: 33/33 MP: 2/2
  1068 | D:2      | Reached skill level 3 in Axes
  1239 | D:2      | Found a hide-covered altar of Uskayaw.
  1372 | D:2      | Found a runed translucent door.
  1373 | D:2      | Noticed Crazy Yiuf
  1448 | D:2      | Found a burning altar of Makhleb.
  1456 | D:2      | Noticed Jessica
  1467 | D:2      | Killed Jessica
  1467 | D:2      | Reached XP level 4. HP: 35/40 MP: 3/3
  2007 | D:2      | Killed Crazy Yiuf
  2323 | D:3      | Reached skill level 5 in Armour
  2323 | D:3      | Reached XP level 5. HP: 33/46 MP: 4/4
  2452 | D:3      | Noticed an ogre
  2460 | D:3      | Killed an ogre
  2460 | D:3      | Reached skill level 4 in Axes
  2460 | D:3      | Reached skill level 1 in Dodging
  2724 | D:3      | Reached XP level 6. HP: 41/52 MP: 5/5
  2891 | D:3      | Found a sparkling altar of Nemelex Xobeh.
  2895 | D:3      | Reached skill level 5 in Shields
  3487 | D:3      | Reached skill level 5 in Axes
  3892 | D:4      | Reached XP level 7. HP: 60/60 MP: 6/6
  3923 | D:4      | Reached skill level 6 in Axes
  3968 | D:4      | Found an ornate altar of the Wu Jian Council.
  3996 | D:4      | Found a white marble altar of Elyvilon.
  4128 | D:4      | Noticed Ijyb
  4136 | D:4      | Killed Ijyb
  4435 | D:5      | Entered Level 5 of the Dungeon
  4603 | D:5      | Noticed Sigmund
  4636 | D:5      | Killed Sigmund
  4636 | D:5      | Reached skill level 7 in Axes
  4833 | D:5      | Found an ancient bone altar of Kikubaaqudgha.
  4953 | D:5      | Noticed Blork the orc
  4962 | D:5      | Killed Blork the orc
  4962 | D:5      | Reached XP level 8. HP: 59/67 MP: 7/7
  5016 | D:5      | Noticed Pikel
  5042 | D:5      | Slain by a slave

Illustrated notes

Levels and vault maps discovered:
D:1:      dpeg_arrival_fog, layout_loops_ring
D:2:      layout_basic, nicolae_overflow_hidden_temple,
          eat_drink_and_be_merry_uskayaw, uniq_crazy_yiuf_cottage, uniq_jessica
D:3:      layout_loops_ring, nemelex_xobeh_ov_fountains_minmay, first_ration,
          kennysheep_generic_room_12
D:4:      layout_loops_cross, nicolae_overflow_crystal_walls, elyvilon_altar_5,
          uniq_ijyb
D:5:      layout_basic, kiku_gazebo_garden_becter, uniq_blork_the_orc,
          uniq_pikel, uniq_sigmund

Skill      XL: |  1  2  3  4  5  6  7 |
---------------+----------------------+-----
Armour         | 4 5 6 |  6.8
Shields        | 4 5 |  5.9
Axes           | 3 4 5 7 |  7.5
Fighting       | 4 |  4.9
Dodging        | 1 |  1.6
Stealth        | |  0.4

Action                   |  1- 3 |  4- 6 |  7- 9 || total
-------------------------+-------+-------+-------++-------
Melee: War axe           |    72 |   167 |    74 ||   313
       Headbutt          |     7 |    26 |     9 ||    42
Evoke: Wand              |       |       |     4 ||     4
  Use: Potion            |       |       |     4 ||     4
  Eat: Chunk             |     2 |     8 |     3 ||    13
Armor: Scale mail        |    25 |    62 |    38 ||   125
Dodge: Dodged            |    21 |    48 |    23 ||    92
Block: Kite shield       |    26 |    86 |    43 ||   155
